 Dungeon Crawl Stone Soup version 0.20.1-1-g8b1a95d (webtiles) character file.

444 equalderp2856 the Chopper (level 6, 0/53 HPs)
             Began as a Minotaur Fighter on July 26, 2017.
             Succumbed to a worker ant's poison
             ... on level 4 of the Dungeon.
             The game lasted 00:06:30 (2779 turns).

equalderp2856 the Chopper (Minotaur Fighter)        Turns: 2779, Time: 00:06:31

Health: 0/53       AC:  7    Str: 26    XL:     6   Next: 72%
Magic:  5/5        EV:  8    Int:  5    God:
Gold:   94         SH: 10    Dex: 11    Spells: 5/5 levels left

rFire    . . .     SeeInvis .   a - +0 war axe
rCold    . . .     Gourm    .   c - +0 shield
rNeg     . . .     Faith    .   b - +0 scale mail
rPois    .         Spirit   .   (helmet unavailable)
rElec    .         Reflect  .   (no cloak)
rCorr    .         Harm     .   (no gloves)
MR       .....                  (no boots)
Stlth    ..........             (no amulet)
Regen    0.2/turn               (no ring)
MPRegen  0.1/turn               (no ring)

@: mighty, lethally poisoned (0 -> -2)
A: retaliatory headbutt, horns 3, blurry vision 1
a: no special abilities


You were on level 4 of the Dungeon.
You were not hungry.

You visited 1 branch of the dungeon, and saw 4 of its levels.

You collected 94 gold pieces.

Inventory:

Hand Weapons
 a - a +0 war axe (weapon)
 k - a +0 hunting sling
 n - a +0 club
 x - a +0 fustibalus
 z - a +0 short sword
 A - a +1 trident of protection
Missiles
 o - 26 bolts
 p - 10 sling bullets
 v - 7 javelins (quivered)
 y - 10 stones
Armour
 b - a +0 scale mail (worn)
 c - a +0 shield (worn)
 j - a +0 helmet
 m - a +0 animal skin
 s - a +2 robe of cold resistance
Jewellery
 f - a +2 ring of dexterity {unknown}
 r - an uncursed amulet of rage {unknown}
Scrolls
 e - 2 scrolls of noise {unknown}
 g - 4 scrolls of identify {unknown}
 l - a scroll of remove curse {unknown}
 q - a scroll of teleportation {unknown}
 t - a scroll of recharging {unknown}
 B - a scroll of enchant weapon {unknown}
Potions
 i - a potion of flight {unknown}
 u - a potion of brilliance {unknown}
 w - a potion of curing {unknown}


   Skills:
 + Level 4.4 Fighting
 + Level 6.0 Axes
 + Level 5.1 Armour
 + Level 1.2 Dodging
 + Level 0.1 Stealth
 + Level 5.3 Shields


You had 5 spell levels left.
You didn't know any spells.

Dungeon Overview and Level Annotations

Branches:
Dungeon (4/15)
 Temple: D:4-7

Altars:
Cheibriados
Okawaru


Innate Abilities, Weirdness & Mutations

You reflexively headbutt those who attack you in melee.
You have a pair of large horns on your head.
Scrolls take you a little longer to read.


Message History

You feel sick. The orc hits you with a short sword.
* * * LOW HITPOINT WARNING * * *
It was a potion of mutation.
You feel extremely strange.
Your vision blurs.
The horns on your head grow some more.
* * * LOW HITPOINT WARNING * * *
You feel sick. The orc closely misses you. You furiously retaliate!
You headbutt the orc. You block the orc's attack.
Okay, then.
You closely miss the orc. Your headbutt misses the orc.
The orc is almost dead.
You slash the orc!
You kill the orc!
You block the orc's attack. The orc barely misses you.
You barely miss the orc. You headbutt the orc.
You kill the orc!
* * * LOW HITPOINT WARNING * * *
You feel sick.
Items here: )) [[ † a short sword; a chain mail; a dagger; a leather armour; an orc corpse You die...

.. #. #. #[ ..#.#
#.# ..#.# #.#
....#
######.####....#
.......@....$..#
######.......#..#.
..####.)).........
#.#.....(†........
#.#......)/.#.#..#
#.#.....##### #
#########.......#
........'...###.#
....#####...# #.#


There were no monsters in sight!

Vanquished Creatures
  The ghost of DrClinical the Sneak, an amateur OpAs (D:3)
  An orc priest (D:4)
  A hound (D:4)
  2 orc wizards (D:4)
  Jessica (D:3)
  A worker ant (D:4)
  Robin (D:2)
  3 gnolls (D:2)
  8 adders
  An ooze (D:2)
  2 worms
  2 dart slugs (D:2)
  2 leopard geckos
  6 orcs
  2 ball pythons
  6 bats
  3 giant cockroaches
  17 goblins
  8 hobgoblins
  6 frilled lizards
  6 kobolds
  8 rats
88 creatures vanquished.

Notes
Turn   | Place    | Note
-------+----------+-------------------------------------------
     0 | D:1      | equalderp2856 the Minotaur Fighter began the quest for the Orb.
     0 | D:1      | Reached XP level 1. HP: 19/19 MP: 0/0
   246 | D:1      | Reached XP level 2. HP: 20/27 MP: 1/1
   859 | D:2      | Noticed Robin
   863 | D:2      | Reached skill level 3 in Axes
   877 | D:1      | Reached XP level 3. HP: 18/33 MP: 2/2
  1063 | D:2      | Killed Robin
  1063 | D:2      | Reached XP level 4. HP: 35/40 MP: 3/3
  1093 | D:2      | Found a snail-covered altar of Cheibriados.
  1099 | D:2      | Reached skill level 4 in Axes
  1500 | D:2      | Found an iron altar of Okawaru.
  1517 | D:2      | Reached XP level 5. HP: 37/46 MP: 4/4
  1526 | D:2      | Reached skill level 5 in Axes
  1680 | D:3      | Noticed Jessica
  1692 | D:3      | Killed Jessica
  1785 | D:3      | Noticed DrClinical's ghost (amateur OpAs)
  1792 | D:3      | Killed DrClinical's ghost
  1792 | D:3      | Reached skill level 1 in Dodging
  1792 | D:3      | Reached XP level 6. HP: 34/53 MP: 5/5
  2467 | D:3      | Reached skill level 5 in Shields
  2728 | D:4      | Reached skill level 5 in Armour
  2772 | D:4      | Reached skill level 6 in Axes
  2773 | D:4      | HP: 2/53 [orc/short sword (5)]
  2774 | D:4      | Gained mutation: Scrolls take you a little longer to read. [potion of mutation]
  2774 | D:4      | Gained mutation: You have a pair of large horns on your head. [potion of mutation]
  2779 | D:4      | Succumbed to a worker ant's poison

Skill      XL: |  1  2  3  4  5  6 |
---------------+-------------------+-----
Shields        | 4 5 |  5.3
Armour         | 4 5 |  5.1
Axes           | 3 4 5 6 |  6.0
Fighting       | 4 |  4.4
Dodging        | 1 |  1.2
Stealth        | |  0.1

Action                   |  1- 3 |  4- 6 || total
-------------------------+-------+-------++-------
Melee: War axe           |    66 |   138 ||   204
       Headbutt          |     7 |    32 ||    39
  Use: Potion            |       |     2 ||     2
  Eat: Chunk             |       |     2 ||     2
       Bread ration      |       |     1 ||     1
Armor: Scale mail        |    43 |    62 ||   105
Dodge: Dodged            |    33 |    50 ||    83
Block: Shield            |    51 |    98 ||   149
